 Dungeon Crawl Stone Soup version 0.28.0-47-ge53b351184 (webtiles) character file.

Game seed: 5072977276276903002

256 warriortoast the Magician (level 5, -12/28 HPs)
             Began as a Deep Elf Hedge Wizard on May 10, 2022.
             Mangled by a gnoll
             ... wielding a +0 halberd
              (13 damage)
             ... on level 4 of the Dungeon.
             The game lasted 00:13:11 (4502 turns).

warriortoast the Magician (Deep Elf Hedge Wizard)   Turns: 4502, Time: 00:13:11

Health: -12/28     AC:  3    Str:  7    XL:     5   Next: 92%
Magic:  11/16      EV: 12    Int: 21    God:
Gold:   186        SH:  0    Dex: 14    Spells: 13/18 levels left

rFire   . . .      SeeInvis .   k - +2 short sword (venom)
rCold   . . .      Faith    .   (no shield)
rNeg    . . .      Spirit   .   b - +0 robe
rPois   .          Reflect  .   c - +0 hat
rElec   .          Harm     .   (no cloak)
rCorr   .          Rampage  .   (no gloves)
Will    .....                   p - +0 pair of boots
Stlth   ++........              (no amulet)
HPRegen 0.09/turn               (no ring)
MPRegen 0.15/turn               (no ring)

@: no status effects
A: no striking features
a: no special abilities


You were on level 4 of the Dungeon.
You visited 1 branch of the dungeon, and saw 4 of its levels.

You collected 186 gold pieces.

Inventory:

Hand Weapons
 a - a +0 dagger
 k - a +2 short sword of venom (weapon)
 r - a +2 vampiric short sword
Armour
 b - a +0 robe (worn)
 c - a +0 hat (worn)
 p - a +0 pair of boots (worn)
Jewellery
 t - a +6 ring of intelligence
Wands
 n - a wand of acid (7)
Scrolls
 d - a scroll of fear {unknown}
 f - a scroll of enchant armour {unknown}
 h - a scroll of vulnerability {unknown}
 j - a scroll of teleportation {unknown}
 o - a scroll of magic mapping {unknown}
 q - a scroll of identify {unknown}
Potions
 e - a potion of cancellation {unknown}
 g - 2 potions of curing {unknown}
 i - 2 potions of heal wounds {unknown}
 l - a potion of might {unknown}
 m - a potion of berserk rage {unknown}
 s - a potion of attraction {unknown}


   Skills:
 - Level 2.7 Dodging
 - Level 2.8 Stealth
 + Level 7.3 Spellcasting
 + Level 3.1 Conjurations
 + Level 2.3 Summonings
 + Level 1.5 Translocations


You had 13 spell levels left.
You knew the following spells:

 Your Spells              Type           Power      Damage    Failure   Level
a - Magic Dart            Conj           84%        1d7       2%          1
b - Call Imp              Summ           17%        N/A       4%          2
c - Blink                 Tloc           26%        N/A       7%          2

Your spell library contained the following spells:

 Spells                   Type           Power      Damage    Failure   Level
 Summon Small Mammal      Summ           68%        N/A       3%          1
 Apportation              Tloc           26%        N/A       4%          1
 Animate Skeleton         Necr           14%        N/A       9%          1
 Slow                     Hex            28%        N/A       9%          1
 Call Canine Familiar     Summ           17%        N/A       10%         3
 Conjure Flame            Conj/Fire      14%        6-21      14%         3
 Summon Guardian Golem    Hex/Summ       12%        N/A       16%         3
 Mephitic Cloud           Conj/Pois/Air  12%        N/A       17%         3
 Animate Dead             Necr           3%         N/A       65%         4
 Alistair's Intoxication  Tmut/Pois      4%         N/A       94%         5
 Borgnjor's Vile Clutch   Necr/Erth      3%         N/A       94%         5
 Death Channel            Necr           3%         N/A       100%        6


Dungeon Overview and Level Annotations

Branches:
Dungeon (4/15)
 Temple: D:4-7

Altars:
Zin


Message History

The magic dart hits the orc.
You kill the orc!
An orc comes into view. It is wielding a +0 club.
The magic dart hits the orc but does no damage.
The magic dart hits the orc.
The orc is severely wounded.
The magic dart hits the orc.
You kill the orc!
Items here: )) [[ †.
You now have 186 gold pieces (gained 12).
Things that are here:
a +0 halberd; a gnoll corpse The gnoll shouts!
Casting: Magic Dart (safe; 2% risk of failure)
Confirm with . or Enter, or press ? or * to list all spells.
A beastly little devil appears in a puff of flame.
Your crimson imp blinks!
Things that are here:
a +0 short sword; an orc corpse
Casting: Call Imp (safe; 4% risk of failure)
Confirm with . or Enter, or press ? or * to list all spells.
A beastly little devil appears in a puff of flame.
The magic dart hits the gnoll but does no damage.
The gnoll hits you from afar with a +0 halberd.
Your crimson imp completely misses the gnoll.
There is a stone staircase leading up here.
The magic dart hits the gnoll.
The gnoll is moderately wounded.
The gnoll closely misses you.
Your crimson imp blinks!
The magic dart hits the gnoll.
The gnoll is severely wounded.
The gnoll hits you from afar with a +0 halberd!
The magic dart hits the gnoll.
The gnoll is almost dead.
The gnoll hits you from afar with a +0 halberd!
Ouch! That really hurt!
* * * LOW HITPOINT WARNING * * *
The gnoll hits you from afar with a +0 halberd!
You die...

#..# #..##..#
#..# #..###.#
#..# #.## #.##
#..# ### #))##
#.## ##g.# ###
##.## #..#
#########g#####
.....5.@......#
#######.......#
#.......#
#########


You could see a gnoll (ally target) and a friendly crimson imp (summoned).

Vanquished Creatures
  A gnoll shaman (D:3)
  2 adders
  2 gnolls
  2 worms
  2 dart slugs
  9 orcs
  6 endoplasms
  2 giant cockroaches
  3 goblins
  3 hobgoblins
  3 jackals (D:3)
  A quokka (D:2)
  7 ball pythons
  7 bats
  3 frilled lizards
  8 kobolds
  7 rats
68 creatures vanquished.

Vanquished Creatures (collateral kills)
  A necrophage (D:2)
  An adder (D:4)
  A ball python (D:3)
  An endoplasm (D:4)
  3 hobgoblins (D:4)
7 creatures vanquished.

Grand Total: 75 creatures vanquished

Notes
Turn   | Place    | Note
-------+----------+-------------------------------------------
     0 | D:1      | warriortoast the Deep Elf Hedge Wizard began the quest for
                  | the Orb.
     0 | D:1      | Reached XP level 1. HP: 10/10 MP: 7/7
   315 | D:1      | Reached XP level 2. HP: 15/15 MP: 6/9
   564 | D:1      | Found a faded altar of an unknown god.
   726 | D:1      | Learned a level 2 spell: Call Imp
   729 | D:1      | Learned a level 2 spell: Blink
  1280 | D:1      | Reached XP level 3. HP: 19/19 MP: 9/11
  1289 | D:1      | Reached skill level 5 in Spellcasting
  1923 | D:2      | Noticed a necrophage
  1984 | D:2      | Killed a necrophage
  1985 | D:2      | Reached skill level 6 in Spellcasting
  1985 | D:2      | Reached XP level 4. HP: 24/24 MP: 5/14
  2627 | D:3      | Reached XP level 5. HP: 28/28 MP: 12/16
  3166 | D:3      | Found a glowing silver altar of Zin.
  3807 | D:3      | Reached skill level 7 in Spellcasting
  4501 | D:4      | HP: 1/28 [gnoll/+0 halberd (16)]
  4502 | D:4      | Mangled by a gnoll

Illustrated notes

Levels and vault maps discovered:
D:1:      grunt_arrival_lava_bath, layout_basic,
          chequers_ecumenical_altar_simple_redux
D:2:      layout_loops_ring, minmay_misc_feat_tiny
D:3:      layout_loops_corners, lemuel_round_altar
D:4:      layout_rooms, kennysheep_generic_room_13

Skill      XL: |  1  2  3  4  5 |
---------------+----------------+-----
Spellcasting   | 6 7 |  7.3
Conjurations   | 2 3 |  3.1
Summonings     | 2 |  2.3
Dodging        | |  2.7
Stealth        | |  2.8
Translocations | |  1.5

Action                   |  1- 3 |  4- 6 || total
-------------------------+-------+-------++-------
Melee: Short sword       |     8 |    26 ||    34
 Cast: Magic Dart        |    60 |    84 ||   144
       Call Imp          |     4 |    12 ||    16
 Stab: Sleeping          |     1 |       ||     1
       Distracted        |       |     1 ||     1
Armor: Robe              |     2 |     8 ||    10
Dodge: Dodged            |     7 |    31 ||    38
